 Dungeon Crawl Stone Soup version 0.30.1-11-g7821555f0a (webtiles) character file.

Game seed: 15848695739148210571

9 comborobin the Sneak (level 2, -4/26 HPs)
             Began as a Hill Orc Delver on Dec 24, 2023.
             Splashed by a jelly's acid (8 damage)
             ... on level 5 of the Dungeon.
             The game lasted 00:00:34 (476 turns).

comborobin the Sneak (Hill Orc Delver)               Turns: 476, Time: 00:00:35

Health: -4/26      AC: -8    Str: 14    XL:     2   Next: 12%
Magic:  0/2        EV: 11    Int: 10    God:
Gold:   20         SH:  0    Dex: 12    Spells: 1/1 levels left

rFire   . . .        a - +0 hand axe
rCold   . . .        (no shield)
rNeg    . . .        b - +0 leather armour
rPois   .            (no helmet)
rElec   .            (no cloak)
rCorr   .            d - +0 pair of gloves
SInv    .            (no boots)
Will    .....        h - amulet of guardian spirit
Stlth   ++           (no ring)
HPRegen 0.24/turn    (no ring)
MPRegen 0.08/turn

%: guardian spirit
@: corroded
A: no striking features
a: no special abilities


You were on level 5 of the Dungeon.
You visited 1 branch of the dungeon, and saw 3 of its levels.

You collected 20 gold pieces.

Inventory:

Hand Weapons
 a - a +0 hand axe (weapon)
Armour
 b - a +0 leather armour (worn)
 d - a +0 pair of gloves (worn)
Jewellery
 h - an amulet of guardian spirit (around neck)
Wands
 g - a wand of digging (3)
Scrolls
 c - a scroll of fog
 e - a scroll of fear
 i - a scroll of poison {unknown}
 j - 2 scrolls of identify {unknown}
 k - a scroll of enchant weapon {unknown}
Potions
 f - a potion of haste


   Skills:
 - Level 3.6 Fighting
 + Level 3.8 Axes
 - Level 1.5 Dodging
 - Level 4.1 Stealth


You had one spell level left.
You didn't know any spells.
Your spell library was empty.

Dungeon Overview and Level Annotations

Branches:
Dungeon (6/15)
 Temple: D:4-7

Altars:
Cheibriados
Okawaru

Shops:
D:4 [


Message History

The ball python bites you. The ball python constricts you.
You hit the ball python.
The ball python is moderately wounded.
The ball python bites you but does no damage.
The ball python constricts you.
You closely miss the ball python.
The ball python is moderately wounded.
The ball python closely misses you. The ball python constricts you.
The ball python bites you. The ball python constricts you.
You hit the ball python.
You kill the ball python!
No target in view!
No target in view!
No target in view!
No target in view!
No target in view!
No target in view!
No target in view!
There is a stone staircase leading down here.
You start waiting.
Done waiting.
You climb downwards.
There is a stone staircase leading up here.
The jelly quivers.
You enter the shallow water.
Moving in this stuff is going to be slow.
The jelly attacks as you move away! The jelly hits you but does no damage.
You hit the jelly. The acid corrodes you!
Your hands burn!
The jelly is lightly wounded.
The jelly hits you.
You are splashed with acid!
You hit the jelly.
Your hands burn!
The jelly is heavily wounded.
The jelly hits you. The acid corrodes you!
You are splashed with acid.
You hit the jelly.
Your hands burn!
* * * LOW HITPOINT WARNING * * *
The jelly is severely wounded.
The jelly hits you.
* * * LOW HITPOINT WARNING * * *
The acid corrodes you!
You are splashed with acid!
You die...

#.,* ##.** #...# #.####
*#.# .,** *..*
###.####.## ***..#* ,,**
*#.******#.~~~...#
*,,...* ,,,*
*..,,,,##~≈≈≈~..#**,*##.*
**,**
******,#_~~.≈~..#*,,* *,*
*,,***** *,##~≈≈≈~.##*,**
*,** **,,,,,*
***##~~~.##**,* *,,*
*****,##########....#*,,*
**,*
*,.......<@J..#....#* *,*
**###########.###..# *,*
*..#*,.# *,* ***********
*#...,,******,,
,,,,,,,,,,*
*####,,,**,,,,
,,,,,,,,,,* ***,,,,,,,
,,,,,,,,,<* ****,,,,
*********** *,,,, *****


You could see a jelly.

Vanquished Creatures
  A dart slug (D:5)
  An orc (D:4)
  3 ball pythons (D:4)
  A goblin (D:4)
6 creatures vanquished.

Notes
Turn   | Place    | Note
-------+----------+-------------------------------------------
     0 | D:5      | comborobin the Hill Orc Delver began the quest for the Orb.
     0 | D:5      | Reached XP level 1. HP: 19/19 MP: 1/1
     1 | D:6      | Noticed a water moccasin
     1 | D:6      | Noticed an electric eel
    26 | D:5      | Found a snail-covered altar of Cheibriados.
    41 | D:5      | Noticed a jelly
   242 | D:4      | Reached XP level 2. HP: 26/26 MP: 2/2
   273 | D:4      | Found an iron altar of Okawaru.
   345 | D:4      | Found Liniapp's Armour Boutique.
   476 | D:5      | Splashed by a jelly's acid

Illustrated notes

Levels and vault maps discovered:
D:4:      layout_gridville, nicolae_kikubaaqudgha_miasma_corner,
          mainiacjoe_overflow_boulevard, gammafunk_ghost_necromancy,
          serial_shops, shop
D:5:      layout_rooms, kennysheep_slug_shrine
D:6:      kennysheep_slugbush, layout_basic, minmay_temple_entry_junction_2

Skill      XL: |  1 |
---------------+----+-----
Axes           | 3 |  3.8
Fighting       | |  3.6
Dodging        | |  1.5
Stealth        | |  4.1

Action                     || total
---------------------------++-------
  Melee: Hand axe          ||    14
    Use: Scroll            ||     1
   Stab: Sleeping          ||     1
 Armour: Leather armour    ||     5
  Dodge: Dodged            ||     8
